 Dungeon Crawl Stone Soup version 0.21.1-1-g345015f (webtiles) character file.

187 poirepourri the Bolt Thrower (level 5, -10/57 HPs)
             Began as a Formicid Hunter on Feb 22, 2018.
             Killed from afar by Ijyb (15 damage)
             ... with a wand of acid (5)
             ... on level 3 of the Dungeon.
             The game lasted 00:02:39 (1821 turns).

poirepourri the Bolt Thrower (Formicid Hunter)      Turns: 1821, Time: 00:02:40

Health: -10/57     AC: 18    Str: 16    XL:     5   Next: 99%
Magic:  5/5        EV:  2    Int: 11    God:
Gold:   143        SH:  0    Dex: 12    Spells: 4/4 levels left

rFire    . . .     SeeInvis .   b - +0 short sword
rCold    . . .     Gourm    .   (no shield)
rNeg     + + +     Faith    .   (armour currently unavailable)
rPois    +         Spirit   .   (helmet unavailable)
rElec    .         Reflect  .   (cloak currently unavailable)
rCorr    .         Harm     .   (gloves currently unavailable)
MR       .....                  (boots currently unavailable)
Stlth    ++........             (no amulet)
HPRegen  0.19/turn              (no ring)
MPRegen  0.09/turn              (no ring)

@: tree-form, corroded
A: permanent stasis, dig shafts and tunnels, four strong arms
a: no special abilities


You were on level 3 of the Dungeon.
You were not hungry.
You were a tree.
You visited 1 branch of the dungeon, and saw 3 of its levels.

You collected 143 gold pieces.

Inventory:

Hand Weapons
 a - a +1 hand crossbow
 b - a +0 short sword (weapon)
Armour
 c - a +0 leather armour (melded)
Scrolls
 g - a scroll of remove curse
 j - a scroll of blinking {unknown}
Potions
 d - a potion of curing
 h - a potion of brilliance
 i - a potion of haste
Comestibles
 f - 4 rations


   Skills:
 - Level 2.1 Fighting
 + Level 6.7 Crossbows
 - Level 1.7 Dodging
 - Level 1.2 Stealth


You had 4 spell levels left.
You didn't know any spells.

Dungeon Overview and Level Annotations

Branches:
Dungeon (3/15)

Altars:
Elyvilon

Annotations:
D:3 Ijyb


Innate Abilities, Weirdness & Mutations

You cannot be hasted, slowed, berserked, paralysed or teleported.
You can dig through walls and to a lower floor.
Your four strong arms can wield two-handed weapons with a shield.
((You have a pair of large antennae on your head. (SInv)))


Message History

Ijyb hits you but does no damage.
You hit Ijyb.
Ijyb is lightly wounded.
Ijyb hits you but does no damage.
You closely miss Ijyb.
Ijyb is lightly wounded.
Ijyb barely misses you.
You hit Ijyb.
Ijyb is moderately wounded.
Ijyb zaps a wand.
The bolt of acid hits you! The acid corrodes you!
You are splashed with acid!
The acid burns!
* * * LOW HITPOINT WARNING * * *
You hit Ijyb but do no damage.
Ijyb is moderately wounded.
Ijyb hits you.
* * * LOW HITPOINT WARNING * * *
You closely miss Ijyb.
Ijyb is moderately wounded.
Ijyb zaps a wand.
The bolt of acid hits you!
You die...

#....# #....# #....#
#....# #....# #....# %
#....#
...(########...†########
..(.rgg♣...............#
.)..##################..
( ......... ########. #.
##### ...... ......
......


You could see Ijyb, a hobgoblin and a rat.

Vanquished Creatures
  The ghost of anotherperson the Skirmisher, an amateur GrFi (D:3)
  An orc wizard (D:3)
  2 adders (D:2)
  2 worms (D:2)
  2 dart slugs
  3 leopard geckos (D:1)
  5 orcs (D:3)
  3 giant cockroaches (D:2)
  4 goblins
  6 hobgoblins
  4 jackals
  2 quokkas (D:3)
  6 bats
  2 frilled lizards (D:2)
  3 kobolds
  5 rats
51 creatures vanquished.

Notes
Turn   | Place    | Note
-------+----------+-------------------------------------------
     0 | D:1      | poirepourri the Formicid Hunter began the quest for the Orb.
     0 | D:1      | Reached XP level 1. HP: 16/16 MP: 1/1
   114 | D:1      | Reached XP level 2. HP: 22/22 MP: 2/2
   493 | D:1      | Reached XP level 3. HP: 27/27 MP: 3/3
   915 | D:2      | Reached skill level 5 in Crossbows
  1029 | D:2      | Found a white marble altar of Elyvilon.
  1136 | D:2      | Reached XP level 4. HP: 29/33 MP: 4/4
  1374 | D:3      | Reached skill level 6 in Crossbows
  1374 | D:3      | Reached XP level 5. HP: 17/38 MP: 5/5
  1801 | D:3      | Noticed anotherperson's ghost (amateur GrFi)
  1804 | D:3      | Noticed Ijyb
  1809 | D:3      | Killed anotherperson's ghost
  1821 | D:3      | Killed from afar by Ijyb

Skill      XL: |  1  2  3  4 |
---------------+-------------+-----
Crossbows      | 5 6 |  6.7
Fighting       | |  2.1
Dodging        | |  1.7
Stealth        | |  1.2

Action                   |  1- 3 |  4- 6 || total
-------------------------+-------+-------++-------
Melee: Short sword       |     1 |    27 ||    28
 Fire: Hand crossbow     |    76 |    40 ||   116
  Use: Scroll            |     3 |     2 ||     5
       Potion            |       |     1 ||     1
  Eat: Ration            |     1 |       ||     1
Armor: Leather armour    |     4 |     5 ||     9
       Skin              |       |    10 ||    10
Dodge: Dodged            |    12 |    15 ||    27
